 Dungeon Crawl Stone Soup version 0.22-a0-398-g8bb545f (webtiles) character file.

2008 emperorscorpion the Cleaver (level 9, -1/78 HPs)
             Began as a Hill Orc Fighter on May 5, 2018.
             Was a Believer of Okawaru.
             Slain by a porcupine (9 damage)
             ... on level 8 of the Dungeon.
             The game lasted 00:05:24 (1547 turns).

emperorscorpion the Cleaver (Hill Orc Fighter)      Turns: 1547, Time: 00:05:25

Health: -1/78      AC:  8    Str: 22    XL:     9   Next: 22%
Magic:  9/9        EV:  9    Int:  8    God:    Okawaru [**....]
Gold:   206        SH: 11    Dex: 10    Spells: 8/8 levels left

rFire    + . .     SeeInvis .   a - +1 war axe
rCold    . . .     Gourm    .   c - +1 shield
rNeg     . . .     Faith    .   b - +0 scale mail
rPois    .         Spirit   .   (no helmet)
rElec    .         Reflect  .   (no cloak)
rCorr    .         Harm     .   (no gloves)
MR       .....                  h - +0 pair of boots
Stlth    ..........             (no amulet)
HPRegen  0.23/turn              l - +2 ring of slaying
MPRegen  0.11/turn              e - ring of protection from fire

@: no status effects
A: no striking features
a: Heroism, Renounce Religion


You were on level 8 of the Dungeon.
You worshipped Okawaru.
Okawaru was pleased with you.
You were not hungry.

You visited 1 branch of the dungeon, and saw 9 of its levels.

You collected 206 gold pieces.

Inventory:

Hand Weapons
 a - a +1 war axe (weapon)
 q - a +2 whip of flaming
Armour
 b - a +0 scale mail (worn)
 c - a +1 shield (worn)
 h - a +0 pair of boots (worn)
Jewellery
 e - a ring of protection from fire (right hand)
 l - a +2 ring of slaying (left hand)
Wands
 k - a wand of digging (16)
 s - a wand of iceblast (13)
Scrolls
 i - 4 scrolls of teleportation
 j - 2 scrolls of remove curse
 m - 3 scrolls of identify
 n - 2 scrolls of amnesia
 o - a scroll of immolation
 p - a scroll of fear {unknown}
 t - a scroll of vulnerability {unknown}
Potions
 d - 3 potions of might
 r - a potion of ambrosia {unknown}
Comestibles
 f - 8 rations
 g - 10 chunks of flesh


   Skills:
 + Level 6.9 Fighting
 + Level 11.0 Axes
 + Level 5.5 Armour
 + Level 2.2 Dodging
 + Level 0.3 Stealth
 + Level 5.6 Shields


You had 8 spell levels left.
You didn't know any spells.

Dungeon Overview and Level Annotations

Branches:
Dungeon (9/15)
 Temple: D:4-7         Lair: D:8-11         Orc: D:9-12

Altars:
Kikubaaqudgha
Okawaru
Ru
Sif Muna
Xom

Shops:
D:8 ?

Annotations:
D:8 exclusion: door


Message History

s - a wand of iceblast (13) (gained 6 charges)
You block the porcupine's attack. The porcupine bites you.
* * * LOW HITPOINT WARNING * * *
The porcupine bites you.
* * * LOW HITPOINT WARNING * * *
There is a stone staircase leading down here.
The porcupine bites you but does no damage.
You block the porcupine's attack. The porcupine misses you.
The porcupine closely misses you.
You slice the fungus!!
The fungus is heavily damaged.
You hit the porcupine but do no damage. You block the porcupine's attack.
The porcupine bites you!
* * * LOW HITPOINT WARNING * * *
You block the porcupine's attack.
You see here a glowing mace.
The porcupine bites you!
You die...

#.. ... #.# ## ##. ########.#
.# #. #........# ###.####
#........# ###.P..P.#.
#........# ##......P..P
#........# #.P..P...P..
#(.......#######.P.P...P...
#.......>.@r.s........P.P..
###........######).P.P####?P.
#......###.## ###.PP..+ ..
#...........# #..s...P# P..
#...........# #...P..P####P.P
#...........# #...P..P.P.P.P.
#...........# #.....P....P...
#.........s.###..รท..PP.PPP...
#......###.###........P.P....


You could see a scorpion and a porcupine.

Vanquished Creatures
  Pikel (D:7)
  2 humans (D:8)
  A yak (D:8)
  2 porcupines (D:8)
  2 ice beasts
  4 slaves (D:7)
  A necrophage (D:8)
  3 centaurs
  2 bullfrogs
  A bullfrog zombie (D:5)
  A crimson imp (D:7)
  A hound (D:5)
  A jelly (D:8)
  An orc priest (D:5)
  An orc wizard (D:5)
  A worker ant (D:6)
  4 adders
  An ooze (D:1)
  2 adder zombies (D:5)
  2 dart slugs (D:1)
  A leopard gecko (D:4)
  8 orcs
  4 bats
  A giant cockroach (D:1)
  8 goblins
  2 hobgoblins (D:1)
  2 jackals (D:1)
  2 kobolds (D:1)
  2 quokkas (D:8)
  4 frilled lizards
  A quokka skeleton (D:4)
  3 rats (D:1)
72 creatures vanquished.

Notes
Turn   | Place    | Note
-------+----------+-------------------------------------------
     0 | D:1      | emperorscorpion the Hill Orc Fighter began the quest for the Orb.
     0 | D:1      | Reached XP level 1. HP: 19/19 MP: 1/1
    57 | D:1      | Reached XP level 2. HP: 25/27 MP: 2/2
   106 | D:1      | Reached skill level 3 in Axes
   171 | D:1      | Reached XP level 3. HP: 19/33 MP: 3/3
   369 | D:3      | Reached skill level 4 in Axes
   495 | D:4      | Reached XP level 4. HP: 37/40 MP: 4/4
   568 | D:5      | Entered Level 5 of the Dungeon
   726 | D:5      | Noticed a centaur
   738 | D:5      | Killed a centaur
   738 | D:5      | Reached skill level 5 in Axes
   738 | D:5      | Reached skill level 1 in Dodging
   738 | D:5      | Reached XP level 5. HP: 43/47 MP: 5/5
   755 | D:5      | Noticed an ice beast
   772 | D:5      | Reached XP level 6. HP: 20/53 MP: 6/6
   774 | D:5      | Killed an ice beast
   774 | D:5      | Reached skill level 6 in Axes
   973 | D:8      | Noticed a necrophage
   984 | D:8      | Killed a necrophage
   984 | D:8      | Reached skill level 5 in Fighting
   984 | D:8      | Reached XP level 7. HP: 48/61 MP: 7/7
   996 | D:8      | Found an iron altar of Okawaru.
   998 | D:8      | Noticed a human
   998 | D:8      | Noticed a human
  1010 | D:8      | Killed a human
  1010 | D:8      | Reached skill level 7 in Axes
  1018 | D:8      | Killed a human
  1018 | D:8      | Reached skill level 8 in Axes
  1022 | D:8      | Became a worshipper of Warmaster Okawaru
  1073 | D:8      | Found Ytwaby's Magic Scroll Shoppe.
  1135 | D:7      | Noticed Pikel
  1140 | D:7      | Reached XP level 8. HP: 61/69 MP: 8/8
  1154 | D:7      | Killed Pikel
  1154 | D:7      | Reached * piety under Okawaru
  1154 | D:7      | Reached skill level 9 in Axes
  1154 | D:7      | Reached skill level 5 in Armour
  1154 | D:7      | Reached skill level 5 in Shields
  1195 | D:7      | Reached skill level 10 in Axes
  1230 | D:7      | Found an ancient bone altar of Kikubaaqudgha.
  1350 | D:9      | Found a shimmering altar of Xom.
  1350 | D:9      | Found a deep blue altar of Sif Muna.
  1352 | D:9      | Found a sacrificial altar of Ru.
  1423 | D:8      | Reached ** piety under Okawaru
  1423 | D:8      | Reached XP level 9. HP: 58/78 MP: 9/9
  1478 | D:8      | Reached skill level 11 in Axes
  1547 | D:8      | Slain by a porcupine

Vault maps used:
D:1:      minmay_arrival_semitransparent, minmay_split_cup_large
D:3:      fiery_altar_vehumet, first_ration, minmay_misc_feat_square,
          uniq_crazy_yiuf_cottage
D:4:      gammafunk_temple_overflow_arena, minmay_temple_entry_overgrown,
          minmay_misc_feat_ornament, corexii_shack, uniq_edmund
D:7:      grunt_temple_overflow_growth_and_decay, the_bakery,
          guppyfry_shop_venom, uniq_pikel, uniq_duvessa
D:8:      okawaru_humans, grunt_lair_entry_orc_guard_hut, serial_shops, shop,
          nicolae_ru_the_path_less_chosen
D:9:      grunt_temple_overflow_open, serial_ice, serial_ice_b, serial_ice_n,
          serial_ice_c, serial_ice_j

Skill      XL: |  1  2  3  4  5  6  7  8  9 |
---------------+----------------------------+-----
Axes           | 3 4 5 6 8 10 11 | 11.0
Fighting       | 4 5 6 |  6.9
Armour         | 4 5 |  5.5
Dodging        | 1 2 |  2.2
Shields        | 4 5 |  5.6
Stealth        | |  0.3

Action                   |  1- 3 |  4- 6 |  7- 9 || total
-------------------------+-------+-------+-------++-------
Melee: War axe           |    89 |    80 |    96 ||   265
  Use: Potion            |       |     3 |     1 ||     4
       Scroll            |       |     6 |       ||     6
  Eat: Chunk             |       |     1 |     2 ||     3
Armor: Scale mail        |    52 |    33 |    38 ||   123
       Skin              |       |    16 |       ||    16
Dodge: Dodged            |    29 |    24 |    34 ||    87
Block: Shield            |    44 |    42 |    64 ||   150

Table legend:
 A = Spawn XP
 B = Non-spawn XP
 C = Spawn XP percentage of total XP
 D = Spawn monster count
 E = Non-spawn monster count
 F = Spawn count percentage of total count
 G = Total turns spent on level
                    A         B        C        D         E        F      G
               +---------+---------+-------+---------+---------+-------+---------
         Total |       0 |    2869 |   0.0 |       0 |      68 |   0.0 |  1547
               +---------+---------+-------+---------+---------+-------+---------
           D:1 |       0 |      40 |   0.0 |       0 |      19 |   0.0 |   256
           D:2 |       0 |      20 |   0.0 |       0 |       4 |   0.0 |    99
           D:3 |       0 |      20 |   0.0 |       0 |       5 |   0.0 |   189
           D:4 |       0 |       4 |   0.0 |       0 |       2 |   0.0 |    24
           D:5 |       0 |     433 |   0.0 |       0 |      14 |   0.0 |   276
           D:6 |       0 |      32 |   0.0 |       0 |       1 |   0.0 |    45
           D:7 |       0 |    1047 |   0.0 |       0 |       7 |   0.0 |   276
           D:8 |       0 |    1183 |   0.0 |       0 |      15 |   0.0 |   323
           D:9 |       0 |      90 |   0.0 |       0 |       1 |   0.0 |    59
               +---------+---------+-------+---------+---------+-------+---------
